 Dungeon Crawl Stone Soup version 0.22-a0-456-g11ed031 (webtiles) character file.

41573 GameOver the Black Sun (level 14, -1/180 HPs)
             Began as a Naga Wizard on June 7, 2018.
             Was a High Priest of Kikubaaqudgha.
             Slain by a hippogriff (3 damage)
             ... on level 6 of the Lair of Beasts.
             The game lasted 02:25:10 (15411 turns).

GameOver the Black Sun (Naga Wizard)               Turns: 15411, Time: 02:25:11

Health: -1/180     AC: 17    Str: 16    XL:     14   Next: 16%
Magic:  22/35      EV:  7    Int: 22    God:    Kikubaaqudgha [*****.]
Gold:   1230       SH:  0    Dex: 12    Spells: 6/29 levels left

rFire    + . .     SeeInvis +   w - +1 dire flail (freeze)
rCold    + . .     Gourm    .   (shield currently unavailable)
rNeg     . . .     Faith    .   O - +0 troll leather armour
rPois    +         Spirit   .   V - +0 helmet
rElec    .         Reflect  .   N - +0 cloak
rCorr    .         Harm     .   W - +0 pair of gloves
MR       +....                  G - +1 naga barding of the Turtledove {rF+ Dex+2}
Stlth    ..........             (no amulet)
HPRegen  0.80/turn              Z - ring of protection from cold
MPRegen  0.24/turn              c - ring of magical power

@: berserking, lethally poisoned (-1 -> -1), quick
A: large, see invisible, deformed body, poison resistance, slowness 2, slow
metabolism 1, spit poison 1, constrict 1, AC +4
a: Spit Poison, Receive Corpses, Torment, Renounce Religion


You were on level 6 of the Lair of Beasts.
You worshipped Kikubaaqudgha.
Kikubaaqudgha was extremely pleased with you.
You were very hungry.

You visited 3 branches of the dungeon, and saw 19 of its levels.

You collected 1230 gold pieces.

Inventory:

Hand Weapons
 q - a +0 hunting sling
 w - a +1 dire flail of freezing (weapon)
 H - a +0 lajatang
Missiles
 g - 89 sling bullets
Armour
 G - the +1 naga barding of the Turtledove (worn) {rF+ Dex+2}
   (You acquired it on level 8 of the Dungeon)

   It affects your dexterity (+2).
   It protects you from fire.
 N - a +0 cloak (worn)
 O - a +0 troll leather armour (worn)
 V - a +0 helmet (worn)
 W - a +0 pair of gloves (worn)
Jewellery
 a - a +2 ring of evasion {unknown}
 c - a ring of magical power (right hand)
 M - an uncursed ring of flight
 Z - a ring of protection from cold (left hand)
Wands
 b - a wand of clouds (2)
 y - a wand of disintegration (25)
 A - a wand of iceblast (14)
 C - a wand of flame (21)
 E - a wand of acid (12)
 I - a wand of digging (19)
Scrolls
 e - 5 scrolls of remove curse
 i - 4 scrolls of enchant armour
 k - 2 scrolls of fear
 t - 7 scrolls of teleportation
 x - a scroll of silence
 z - 2 scrolls of fog
 P - 4 scrolls of blinking
Potions
 h - a potion of lignification
 l - 2 potions of degeneration {unknown}
 m - 4 potions of heal wounds
 o - a potion of flight
 p - 3 potions of ambrosia
 r - 3 potions of agility {unknown}
 u - 9 potions of curing
 D - a potion of resistance {unknown}
 F - a potion of experience {unknown}
 J - a potion of might
 S - 2 potions of haste {unknown}
 U - a potion of berserk rage
Comestibles
 d - 37 rations


   Skills:
 - Level 6.0 Fighting
   Level 7.3(8.5) Axes
 - Level 5.9(8.0) Maces & Flails
   Level 2.0(5.6) Polearms
 - Level 3.5(5.4) Staves
 - Level 5.0 Armour
 - Level 1.5 Dodging
 - Level 6.0 Stealth
 + Level 8.1 Spellcasting
 + Level 7.3 Conjurations
 - Level 5.0 Charms
   Level 1.0 Summonings
 * Level 12.0 Necromancy
 - Level 4.1 Translocations
   Level 4.0 Fire Magic
 - Level 4.0 Poison Magic
 - Level 8.0 Evocations


You had 6 spell levels left.
You knew the following spells:

 Your Spells              Type           Power        Failure   Level  Hunger
a - Bolt of Draining      Conj/Necr      ######....   4%          5    #####..
b - Blink                 Tloc           N/A          2%          2    None
c - Dispel Undead         Necr           ######..     1%          5    #####..
d - Mephitic Cloud        Conj/Pois/Air  ####....     5%          3    None
p - Apportation           Tloc           ####..       1%          1    None
q - Animate Dead          Necr           N/A          1%          4    ###....
x - Regeneration          Chrm/Necr      #####.....   1%          3    None

Your spell library contained the following spells:

 Spells                   Type           Power        Failure   Level  Hunger
 Magic Dart               Conj           ####         1%          1    None
 Conjure Flame            Conj/Fire      ####....     2%          3    None
 Bolt of Magma            Conj/Fire/Erth ####......   45%         5    #####..
 Slow                     Hex            #.......     13%         2    None
 Confuse                  Hex            #.......     26%         3    None
 Summon Small Mammal      Summ           ##..         6%          1    None
 Pain                     Necr           ####         1%          1    None
 Animate Skeleton         Necr           N/A          1%          1    None
 Summon Ice Beast         Ice/Summ       ##......     56%         4    ###....
 Call Imp                 Summ           ##......     9%          2    None
 Sublimation of Blood     Necr           ######....   1%          2    None
 Tukima's Dance           Hex            #.......     26%         3    None
 Iron Shot                Conj/Erth      ####......   96%         6    ######.
 Spider Form              Tmut/Pois      ###.......   12%         3    None
 Blade Hands              Tmut           #.........   94%         5    #####..
 Statue Form              Tmut/Erth      #........    100%        6    ######.
 Ice Form                 Ice/Tmut       #.......     65%         4    ###....
 Confusing Touch          Hex            #.....       9%          1    None
 Sticks to Snakes         Tmut           #.......     13%         2    None
 Call Canine Familiar     Summ           ##......     17%         3    None
 Ensorcelled Hibernation  Hex/Ice        #.....       13%         2    None
 Metabolic Englaciation   Hex/Ice        #.........   94%         5    #####..
 Shatter                  Erth           #.........   100%        9    #######
 Corona                   Hex            #......      9%          1    None
 Excruciating Wounds      Chrm/Necr      #####.....   8%          5    #####..
 Petrify                  Tmut/Erth      #.......     65%         4    ###....
 Leda's Liquefaction      Hex/Erth       #.........   65%         4    ###....
 Beastly Appendage        Tmut           #.....       9%          1    None
 Dazzling Spray           Conj/Hex       ####..       6%          3    None
 Summon Lightning Spire   Summ/Air       ##......     56%         4    ###....
 Summon Guardian Golem    Hex/Summ       ##......     22%         3    None
 Gell's Gravitas          Tloc           ####......   4%          3    None
 Yara's Violent Unravell  Hex/Tmut       #.........   94%         5    #####..
 Borgnjor's Vile Clutch   Necr/Erth      #####.....   21%         5    #####..


Dungeon Overview and Level Annotations

Branches:
Dungeon (12/15)            Temple (1/1) D:4            Lair (6/6) D:10
  Swamp (0/4) Lair:4        Snake (0/4) Lair:4          Orc (0/2) D:11
  Slime: Lair:5-6

Altars:
Ashenzari
Cheibriados
Dithmenos
Elyvilon
Fedhas
Gozag
Hepliaklqana
Kikubaaqudgha
Makhleb
Nemelex Xobeh
Okawaru
Qazlal
Ru
Sif Muna
Trog
Uskayaw
Vehumet
Wu Jian
Xom
Yredelemnul
Zin
The Shining One
Lugonu

Shops:
D:12 (

Annotations:
Lair:5 exclusion: 2 oklob plants


Innate Abilities, Weirdness & Mutations

You cannot wear boots.
Your serpentine skin is tough. (AC +4)
You have supernaturally acute eyesight. (SInv)
Armour fits poorly on your strangely shaped body.
Your system is resistant to poisons. (rPois)
You cover ground very slowly.
You have a slow metabolism.
You can spit poison.
You can use your snake-like lower body to constrict enemies.


Message History

Your hippogriff zombie pecks the death yak but does no damage.
Your hippogriff zombie claws the death yak.
The death yak gores your hippogriff zombie!
Your hippogriff zombie is destroyed!
The death yak gores you but does no damage.
Unknown command.
You bludgeon the death yak!! You freeze the death yak.
The death yak is severely wounded.
The hippogriff bites you!
* * * LOW HITPOINT WARNING * * *
The hippogriff pecks you but does no damage.
The hippogriff claws you but does no damage.
Your bullfrog zombie hits the death yak.
You barely miss the death yak.
The death yak is severely wounded.
The death yak gores you!
* * * LOW HITPOINT WARNING * * *
The hippogriff bites you.
You die...
Kikubaaqudgha rasps: "You have failed me!
Welcome... death!"

................. #..
...............##
#.8. ..............P#
#...###.............#
.......#.............
...................#
......#...........#
#....#.H......P#
#.#..Z#..@Z.....#
##..##YYY.....#
#...#........#
#8.<........P#
#...###......# #...#
#....## .....# .....#
.....#. .....#
.....##.##


You could see 3 death yaks, a hippogriff and a friendly bullfrog zombie.

Vanquished Creatures
  Harold (D:12)
  6 hydras
  A two-headed ogre (D:8)
  5 death yaks
  2 unseen horrors
  The ghost of pk666 the Thaumaturge, a novice DEFE of Vehumet (D:9)
  2 manticores
  3 ugly things
  5 elephants (Lair:4)
  Maurice (D:9)
  3 black mambas
  Psyche (D:12)
  4 spiny frogs
  A rime drake (Lair:2)
  3 komodo dragons
  3 trolls
  3 tyrant leeches (Lair:4)
  A meliai zombie (D:9)
  10 blink frogs
  5 dream sheep
  11 hippogriffs
  Sigmund (D:2)
  A shadow (D:12)
  30 yaks
  2 steam dragons
  3 hungry ghosts
  2 basilisks
  3 vampire mosquitoes (D:12)
  7 swamp worms (D:11)
  7 water moccasins
  The ghost of pk666 the Magician, an amateur DEFE (D:3)
  Duvessa (D:6)
  19 porcupines
  A sky beast (D:7)
  A black bear (D:6)
  3 ice beasts
  4 phantoms
  A necrophage (D:9)
  4 ogres
  6 orc warriors
  A centaur (D:12)
  An eye of draining (D:12)
  3 wolves (Lair:5)
  The ghost of anything the Bolt Thrower, an amateur OpHu (D:4)
  7 crocodiles
  Blork the orc (D:6)
  6 big kobolds
  12 bullfrogs
  A gnoll sergeant (D:7)
  Dowan (D:6)
  A wyvern skeleton (D:12)
  4 scorpions
  7 wights
  5 killer bees (D:12)
  7 howler monkeys
  5 crimson imps
  3 quasits
  5 hounds
  2 jellies
  3 orc priests
  4 bullfrog skeletons
  8 centaur skeletons
  14 orc wizards
  10 worker ants
  3 iguanas
  2 hound zombies
  A hound skeleton (D:8)
  2 worker ant zombies
  9 gnolls
  16 adders
  4 shadow imps
  An ooze (D:5)
  An adder zombie (D:7)
  An adder skeleton (D:4)
  2 worms
  A dart slug (D:1)
  7 leopard geckos
  42 orcs
  3 ball pythons
  6 bats
  3 giant cockroaches
  9 goblins
  11 hobgoblins
  7 jackals (D:4)
  5 quokkas
  8 frilled lizards
  A giant cockroach zombie (D:6)
  14 kobolds
  28 rats
468 creatures vanquished.

Vanquished Creatures (collateral kills)
  A death yak (Lair:6)
  2 black mambas
  A blink frog (Lair:3)
  4 dream sheep (Lair:5)
  A hippogriff (Lair:3)
  A yak (Lair:5)
  A basilisk (Lair:5)
  2 nagas (Lair:4)
  2 porcupines (Lair:3)
  3 water moccasins
  A wolf (Lair:5)
  A bullfrog (Lair:3)
20 creatures vanquished.

Vanquished Creatures (others)
  A swamp worm (D:11)
  2 jackals (D:3)
  5 fungi
  4 plants (D:11)
12 creatures vanquished.

Grand Total: 500 creatures vanquished

Notes
Turn   | Place    | Note
-------+----------+-------------------------------------------
     0 | D:1      | GameOver the Naga Wizard began the quest for the Orb.
     0 | D:1      | Reached XP level 1. HP: 15/15 MP: 4/4
    84 | D:1      | Reached XP level 2. HP: 16/22 MP: 0/6
   453 | D:1      | Reached XP level 3. HP: 28/28 MP: 4/7
   457 | D:1      | Learned a level 2 spell: Blink
   461 | D:1      | Learned a level 3 spell: Mephitic Cloud
   856 | D:2      | Noticed Sigmund
   866 | D:2      | Killed Sigmund
   866 | D:2      | Reached skill level 5 in Conjurations
   866 | D:2      | Reached XP level 4. HP: 36/36 MP: 4/8
   866 | D:2      | Reached XP level 5. HP: 42/42 MP: 4/9
  1013 | D:2      | Reached skill level 1 in Poison Magic
  1093 | D:2      | Reached XP level 6. HP: 49/49 MP: 3/10
  1439 | D:3      | Found a faded altar of an unknown god.
  1463 | D:3      | Found a glowing golden altar of the Shining One.
  1553 | D:3      | Found a radiant altar of Vehumet.
  1582 | D:3      | Reached skill level 1 in Fighting
  1633 | D:3      | Learned a level 3 spell: Conjure Flame
  2011 | D:3      | Noticed pk666's ghost (amateur DEFE)
  2085 | D:3      | Found a bloodstained altar of Trog.
  2174 | D:3      | Killed pk666's ghost
  2292 | D:3      | Found a deep blue altar of Sif Muna.
  2292 | D:3      | Found a stormy altar of Qazlal.
  2413 | D:4      | Reached XP level 7. HP: 55/60 MP: 8/11
  2554 | D:4      | Noticed anything's ghost (amateur OpHu)
  2570 | D:4      | Killed anything's ghost
  2570 | D:4      | Reached skill level 1 in Polearms
  2660 | D:4      | Learned a level 1 spell: Apportation
  2750 | D:4      | Found a staircase to the Ecumenical Temple.
  2787 | Temple   | Entered the Ecumenical Temple
  2999 | D:4      | Got a translucent hand axe
  3000 | D:4      | Identified the +5 hand axe of Fortitude {venom, Str+4 Dex+4} (You found it on level 4 of the Dungeon)
  3176 | D:5      | Entered Level 5 of the Dungeon
  3182 | D:5      | Reached XP level 8. HP: 67/69 MP: 9/12
  3201 | D:5      | Reached skill level 1 in Axes
  3253 | D:5      | Found an ancient bone altar of Kikubaaqudgha.
  3258 | D:5      | Became a worshipper of Kikubaaqudgha
  3316 | D:5      | Got a dazzling leather armour
  3327 | D:5      | Identified the +0 leather armour of the Scribe {-Tele rF++ Dex+2} (You found it on level 5 of the Dungeon)
  3638 | D:5      | Found a snail-covered altar of Cheibriados.
  3654 | D:5      | Found a shattered altar of Ashenzari.
  3654 | D:5      | Found an opulent altar of Gozag.
  3656 | D:5      | Found a radiant altar of Vehumet.
  3656 | D:5      | Found a shimmering altar of Xom.
  3656 | D:5      | Found an opulent altar of Gozag.
  3719 | D:6      | Noticed Dowan
  3743 | D:6      | Noticed Duvessa
  3763 | D:6      | Killed Duvessa
  3794 | D:6      | Killed Dowan
  3858 | D:6      | Reached skill level 1 in Fire Magic
  3902 | D:6      | Found a hide-covered altar of Uskayaw.
  3966 | D:6      | Reached * piety under Kikubaaqudgha
  3966 | D:6      | Identified Kikubaaqudgha's Guide on Darkness (Kikubaaqudgha gifted it to you on level 6 of the Dungeon)
  3966 | D:6      | Received a gift from Kikubaaqudgha
  3972 | D:6      | Learned a level 3 spell: Regeneration
  3979 | D:6      | Found a shattered altar of Ashenzari.
  4288 | D:6      | Reached XP level 9. HP: 80/80 MP: 7/13
  4350 | D:6      | Reached skill level 5 in Fighting
  4755 | D:6      | Noticed Blork the orc
  4772 | D:6      | Killed Blork the orc
  4772 | D:6      | Reached skill level 5 in Axes
  5010 | D:7      | Reached skill level 1 in Charms
  5058 | D:7      | Reached skill level 1 in Necromancy
  5330 | D:7      | Found a burning altar of Makhleb.
  5589 | D:8      | Reached ** piety under Kikubaaqudgha
  5594 | D:8      | Reached skill level 2 in Necromancy
  5663 | D:8      | Reached skill level 1 in Evocations
  5692 | D:8      | Found an iron altar of Okawaru.
  5752 | D:8      | Reached XP level 10. HP: 84/91 MP: 3/14
  5817 | D:8      | Noticed a two-headed ogre
  5832 | D:8      | Killed a two-headed ogre
  5832 | D:8      | Reached skill level 3 in Necromancy
  6272 | D:8      | Identified a scroll of acquirement
  6274 | D:8      | Got a jewelled naga barding
  6280 | D:8      | Identified the +1 naga barding of the Turtledove {rF+ Dex+2} (You acquired it on level 8 of the Dungeon)
  6477 | D:9      | Noticed pk666's ghost (novice DEFE)
  6537 | D:9      | Noticed Maurice
  6565 | D:9      | Killed Maurice
  6565 | D:9      | Reached skill level 1 in Staves
  6565 | D:9      | Reached skill level 4 in Necromancy
  6608 | D:9      | Found a sacrificial altar of Ru.
  6626 | D:9      | Killed pk666's ghost
  6783 | D:9      | Found an opulent altar of Gozag.
  6783 | D:9      | Found a hazy altar of Hepliaklqana.
  6784 | D:9      | Found a white marble altar of Elyvilon.
  7055 | D:9      | Found a snail-covered altar of Cheibriados.
  7100 | D:9      | Reached skill level 5 in Stealth
  7131 | D:9      | Found a shimmering altar of Xom.
  7206 | D:10     | Entered Level 10 of the Dungeon
  7207 | D:10     | Reached *** piety under Kikubaaqudgha
  7207 | D:10     | Identified Kikubaaqudgha's Almanac of Evil Secrets (Kikubaaqudgha gifted it to you on level 10 of the Dungeon)
  7207 | D:10     | Received a gift from Kikubaaqudgha
  7233 | D:10     | Found a white marble altar of Elyvilon.
  7325 | D:10     | Noticed a manticore
  7345 | D:10     | Killed a manticore
  7345 | D:10     | Reached XP level 11. HP: 43/97 MP: 15/15
  7359 | D:10     | Reached skill level 5 in Charms
  7359 | D:10     | Reached skill level 5 in Necromancy
  7473 | D:10     | Noticed a death yak
  7814 | D:10     | Noticed a death yak
  7823 | D:10     | Noticed a death yak
  7825 | D:10     | Killed a death yak
  7825 | D:10     | Reached skill level 5 in Evocations
  7829 | D:10     | Killed a death yak
  7829 | D:10     | Reached skill level 1 in Armour
  7833 | D:10     | Killed a death yak
  7887 | D:10     | Found a staircase to the Lair.
  8196 | Lair:1   | Entered Level 1 of the Lair of Beasts
  8216 | Lair:1   | Noticed a five-headed hydra
  8327 | Lair:1   | Reached skill level 6 in Necromancy
  8452 | Lair:1   | Noticed a five-headed hydra
  8460 | Lair:1   | Reached skill level 1 in Maces & Flails
  8472 | Lair:1   | Killed a five-headed hydra
  8791 | Lair:1   | Learned a level 4 spell: Animate Dead
  8869 | Lair:1   | Killed a five-headed hydra
  8869 | Lair:1   | Reached skill level 7 in Necromancy
  8937 | Lair:1   | Reached XP level 12. HP: 95/105 MP: 19/19
  9295 | Lair:2   | Reached **** piety under Kikubaaqudgha
  9316 | Lair:2   | Reached skill level 5 in Spellcasting
  9729 | Lair:2   | Reached skill level 8 in Necromancy
 10736 | Lair:4   | Found a staircase to the Snake Pit.
 10902 | Lair:4   | Found a staircase to the Swamp.
 10993 | Lair:4   | Reached skill level 9 in Necromancy
 11246 | Lair:4   | Gained mutation: You can use your snake-like lower body to constrict enemies. [Naga growth]
 11246 | Lair:4   | Reached XP level 13. HP: 84/111 MP: 21/22
 11755 | D:11     | Learned a level 5 spell: Dispel Undead
 12094 | D:11     | Reached ***** piety under Kikubaaqudgha
 12138 | D:11     | Found a staircase to the Orcish Mines.
 12303 | D:11     | Reached skill level 5 in Maces & Flails
 13060 | D:12     | Reached skill level 10 in Necromancy
 13123 | D:12     | Found Xeid's Weapon Shoppe.
 13166 | D:12     | Reached skill level 5 in Armour
 13365 | D:12     | Noticed Harold
 13382 | D:12     | Killed Harold
 13560 | D:12     | Learned a level 5 spell: Bolt of Draining
 13603 | D:12     | Noticed Psyche
 13609 | D:12     | Killed Psyche
 13993 | D:12     | Reached skill level 11 in Necromancy
 14987 | Lair:5   | Reached XP level 14. HP: 120/120 MP: 25/25
 15043 | Lair:5   | Reached ****** piety under Kikubaaqudgha
 15376 | Lair:6   | Entered Level 6 of the Lair of Beasts
 15409 | Lair:6   | Reached skill level 12 in Necromancy
 15411 | Lair:6   | HP: 2/180 [death yak (17)]
 15411 | Lair:6   | Slain by a hippogriff

Vault maps used:
D:1:      mrwooster_arrival_statue_2, minmay_misc_feat_more_columns,
          minmay_cut_off
D:2:      first_ration, minmay_rat_hole, uniq_sigmund
D:3:      gammafunk_temple_overflow_wave, overflow_temple_1_default,
          lemuel_coloured_pillars_altar, fiery_altar_vehumet,
          chequers_ecumenical_altar_simple
D:4:      minmay_temple_entry_glassed_door, kennysheep_generic_room_13
D:5:      kiku_gazebo_garden_becter, minivault_23, doesnt_xom_only_xom
D:6:      nicolae_overflow_hidden_temple, marbit_many_paths, uniq_blork_the_orc,
          uniq_duvessa
D:7:      bloody_makhleb, feat_on_display
D:8:      okawaru_gym_becter
D:9:      kennysheep_mini_moat, lemuel_crystal_altar,
          gammafunk_temple_overflow_claw, lemuel_crystal_altar, uniq_maurice
D:10:     dpeg_lair_monsters, basic_altar
D:11:     erik_orc_3, worms_lemuel
D:12:     lemuel_flame_loot_2, serial_shops, shop, hangedman_ranch, spider_trap,
          uniq_psyche, uniq_harold
Temple:   corrupted_temple
Lair:2:   beast_lair_carwin_6
Lair:4:   minmay_swamp_entry_worms, guppyfry_snake_entry_island,
          infiniplex_staircase_pool_2
Lair:5:   dpeg_oklob_1
Lair:6:   grunt_lair_end_beastmaster, dpeg_slime_entry_enclosed_altar,
          portal_ice_cave_entry_imps, lemuel_fruit_tree, grunt_megastairs_5

Skill      XL: |  1  2  3  4  5  6  7  8  9 10 11 12 13 14 |
---------------+-------------------------------------------+-----
Conjurations   | 2 5 6 7 |  7.3
Poison Magic   | 1 3 4 |  4.0
Fighting       | 2 3 4 6 |  6.0
Polearms       | 2 |  2.0
Translocations | 2 4 |  4.1
Axes           | 4 6 7 |  7.3
Fire Magic     | 1 4 |  4.0
Charms         | 2 4 5 |  5.0
Necromancy     | 2 4 7 9 11 12 | 12.0
Evocations     | 1 4 6 7 8 |  8.0
Staves         | 1 3 |  3.5
Stealth        | 5 6 |  6.0
Armour         | 2 4 5 |  5.0
Spellcasting   | 4 6 7 8 |  8.1
Maces & Flails | 2 4 5 |  5.9
Dodging        | |  1.5
Summonings     | |  1.0

Action                   |  1- 3 |  4- 6 |  7- 9 | 10-12 | 13-15 || total
-------------------------+-------+-------+-------+-------+-------++-------
Melee: Dagger            |     3 |       |       |       |       ||     3
       Spear             |    10 |    61 |   122 |       |       ||   193
       Hand axe          |       |       |   166 |   176 |       ||   342
       Trident           |       |       |       |    52 |    16 ||    68
       Dire flail        |       |       |       |   214 |   411 ||   625
       Constrict         |       |       |       |       |    81 ||    81
 Fire: Hunting sling     |       |       |       |       |    20 ||    20
 Cast: Magic Dart        |    37 |    70 |   126 |    88 |       ||   321
       Mephitic Cloud    |     1 |       |    15 |    24 |    23 ||    63
       Conjure Flame     |       |     1 |    11 |    21 |     5 ||    38
       Blink             |       |       |       |    16 |     3 ||    19
       Regeneration      |       |       |       |    45 |    29 ||    74
       Animate Dead      |       |       |       |     6 |    11 ||    17
       Bolt of Draining  |       |       |       |       |     8 ||     8
       Dispel Undead     |       |       |       |       |     6 ||     6
       Apportation       |       |       |       |       |     3 ||     3
Invok: Receive Corpses   |       |       |       |     2 |     4 ||     6
 Abil: Spit Poison       |    27 |    15 |    55 |    90 |    74 ||   261
Evoke: Wand              |       |       |       |    51 |    15 ||    66
  Use: Potion            |       |     3 |     1 |     2 |     1 ||     7
       Scroll            |       |       |     5 |    10 |     5 ||    20
 Stab: Sleeping          |     3 |     2 |     2 |     3 |     1 ||    11
       Confused          |     1 |       |     3 |    15 |    12 ||    31
       Distracted        |       |       |       |       |     3 ||     3
  Eat: Chunk             |     1 |     5 |    13 |    25 |    23 ||    67
       Ration            |       |       |     1 |     1 |       ||     2
Armor: Robe              |     2 |    18 |    38 |    41 |       ||    99
       Skin              |       |       |     7 |     2 |       ||     9
       Leather armour    |       |       |       |   106 |    86 ||   192
       Troll leather arm |       |       |       |       |   124 ||   124
Dodge: Dodged            |     5 |    35 |    74 |   128 |   109 ||   351

Table legend:
 A = Spawn XP
 B = Non-spawn XP
 C = Spawn XP percentage of total XP
 D = Spawn monster count
 E = Non-spawn monster count
 F = Spawn count percentage of total count
 G = Total turns spent on level
                    A         B        C        D         E        F      G
               +---------+---------+-------+---------+---------+-------+---------
         Total |       0 |   59390 |   0.0 |       0 |     489 |   0.0 | 15411
               +---------+---------+-------+---------+---------+-------+---------
           D:1 |       0 |      38 |   0.0 |       0 |      23 |   0.0 |   659
           D:2 |       0 |     331 |   0.0 |       0 |      44 |   0.0 |   764
           D:3 |       0 |     240 |   0.0 |       0 |      21 |   0.0 |   926
           D:4 |       0 |     543 |   0.0 |       0 |      22 |   0.0 |   783
           D:5 |       0 |     296 |   0.0 |       0 |      12 |   0.0 |   493
           D:6 |       0 |    1276 |   0.0 |       0 |      29 |   0.0 |  1195
           D:7 |       0 |    1129 |   0.0 |       0 |      26 |   0.0 |   684
           D:8 |       0 |    2056 |   0.0 |       0 |      22 |   0.0 |   848
           D:9 |       0 |    2743 |   0.0 |       0 |      28 |   0.0 |   810
          D:10 |       0 |    5256 |   0.0 |       0 |      26 |   0.0 |  1026
          D:11 |       0 |    4372 |   0.0 |       0 |      46 |   0.0 |  1296
          D:12 |       0 |   11035 |   0.0 |       0 |      59 |   0.0 |  1264
        Lair:1 |       0 |    4778 |   0.0 |       0 |      17 |   0.0 |  1137
        Lair:2 |       0 |    4519 |   0.0 |       0 |      25 |   0.0 |   908
        Lair:3 |       0 |    2461 |   0.0 |       0 |      15 |   0.0 |   617
        Lair:4 |       0 |    7415 |   0.0 |       0 |      29 |   0.0 |   990
        Lair:5 |       0 |    8145 |   0.0 |       0 |      39 |   0.0 |   932
        Lair:6 |       0 |    2757 |   0.0 |       0 |       6 |   0.0 |    35
               +---------+---------+-------+---------+---------+-------+---------
